 Seeded DCSS version 0.25.1-11-g244df3a29b (webtiles) character file.

Game seed: 9335348854215055592 (custom seed)

180 hikkokomori the Cutter (level 5, -1/32 HPs)
             Began as a Kobold Skald on Mar 2, 2022.
             Slain by Sigmund
             ... wielding a +1 scythe of flaming
              (2 damage)
             ... on level 4 of the Dungeon.
             The game lasted 00:08:46 (3670 turns).

hikkokomori the Cutter (Kobold Skald)               Turns: 3670, Time: 00:08:47

Health: -1/32      AC:  4    Str: 11    XL:     5   Next: 91%
Magic:  10/10      EV: 19    Int: 14    God:
Gold:   170        SH:  0    Dex: 16    Spells: 2/10 levels left

rFire    . . .     SeeInvis .   a - +0 short sword
rCold    . . .     Gourm    .   (shield restricted)
rNeg     . . .     Faith    .   b - +0 leather armour
rPois    .         Spirit   .   (no helmet)
rElec    .         Reflect  .   (no cloak)
rCorr    .         Harm     .   c - +0 pair of gloves {Str+3}
MR       .....                  (no boots)
Stlth    +.........             (no amulet)
HPRegen  0.10/turn              j - +4 ring of evasion
MPRegen  0.12/turn              (no ring)

@: no status effects
A: small, carnivore
a: no special abilities


You were on level 4 of the Dungeon.
You were very full.

You visited 1 branch of the dungeon, and saw 4 of its levels.

You collected 170 gold pieces.

Inventory:

Hand Weapons
 a - a +0 short sword (weapon)
Missiles
 k - 34 bolts
 q - 7 atropa-tipped darts (quivered)
Armour
 b - a +0 leather armour (worn)
 c - a +0 pair of gloves of strength (worn)
Jewellery
 j - a +4 ring of evasion (left hand)
 l - a cursed ring of attention {unknown}
 s - a cursed ring of see invisible {unknown}
Scrolls
 e - 2 scrolls of remove curse
 f - 2 scrolls of identify
 i - a scroll of blinking {unknown}
 n - a scroll of magic mapping {unknown}
 r - a scroll of enchant weapon {unknown}
 u - 2 scrolls of immolation {unknown}
 v - a scroll of amnesia {unknown}
 w - a scroll of teleportation {unknown}
 x - a scroll of noise {unknown}
Potions
 g - a potion of mutation {unknown}
 h - a potion of haste
 m - a potion of curing
 o - a potion of invisibility {unknown}
 p - a potion of magic
 t - 2 potions of ambrosia {unknown}
Comestibles
 d - 6 rations


   Skills:
 + Level 3.6 Fighting
 + Level 4.2 Short Blades
 - Level 0.7 Armour
 - Level 2.4 Dodging
 + Level 3.4 Spellcasting
 + Level 3.2 Charms


You had 2 spell levels left.
You knew the following spells:

 Your Spells              Type           Power        Failure   Level  Hunger
a - Infusion              Chrm           ##..         7%          1    #......
b - Shroud of Golubria    Chrm/Tloc      #.....       22%         2    ##.....
c - Song of Slaying       Chrm           ##......     11%         2    ##.....
d - Spectral Weapon       Hex/Chrm       #.......     38%         3    ###....

Your spell library contained the following spells:

 Spells                   Type           Power        Failure   Level  Hunger
 Magic Dart               Conj           #...         26%         1    #......
 Blink                    Tloc           N/A          38%         2    ##.....
 Call Imp                 Summ           #.......     38%         2    ##.....
 Slow                     Hex            #.......     38%         2    ##.....
 Ozocubu's Armour         Chrm/Ice       #.......     38%         3    ###....
 Conjure Flame            Conj/Fire      #.......     63%         3    ###....
 Mephitic Cloud           Conj/Pois/Air  #.......     63%         3    ###....


Dungeon Overview and Level Annotations

Branches:
Dungeon (4/15)
 Temple: D:4-7

Altars:
Fedhas
Hepliaklqana
Trog

Annotations:
D:4 Sigmund


Innate Abilities, Weirdness & Mutations

You are small and have problems with some larger weapons.
You are carnivorous and can eat meat at any time.


Message History

You bump into the rock wall.
Sigmund hits you with a +1 scythe of flaming.
* * * LOW HITPOINT WARNING * * *
Sigmund burns you.
* * * LOW HITPOINT WARNING * * *
Unknown command.
You bump into the rock wall.
Sigmund misses you.
Unknown command.
You feel better.
Sigmund mumbles some strange words.
Sigmund flickers and vanishes!
Deactivating autopickup; reactivate with Ctrl-A.
Something hits you.
* * * LOW HITPOINT WARNING * * *
Something burns you.
* * * LOW HITPOINT WARNING * * *
Something hits you.
* * * LOW HITPOINT WARNING * * *
Something burns you.
You die...

.####
.....######
#........#
#...##.#.#
#...##.#.#
#......#<#
###..##..#.#
#.#..##..#.#
#....@....#
##.....####
#..####
###.#.##
#.###.#.##(#
#......###.###
##......!.....
#.#...#.##.....
#. ##.##.#
.#..#.#


There were no monsters in sight!

Vanquished Creatures
  An orc priest (D:3)
  6 adders
  2 oozes
  A worm (D:3)
  A dart slug (D:1)
  6 leopard geckos
  5 orcs (D:3)
  2 ball pythons
  A giant cockroach (D:3)
  15 goblins
  4 hobgoblins
  4 jackals
  A ball python skeleton (D:2)
  9 bats
  6 frilled lizards
  5 kobolds
  8 rats
77 creatures vanquished.

Notes
Turn   | Place    | Note
-------+----------+-------------------------------------------
     0 | D:1      | hikkokomori the Kobold Skald began the quest for the Orb.
     0 | D:1      | Reached XP level 1. HP: 12/12 MP: 3/3
   197 | D:1      | Reached XP level 2. HP: 17/18 MP: 5/5
   258 | D:1      | Reached skill level 3 in Short Blades
   343 | D:1      | Reached XP level 3. HP: 7/22 MP: 6/6
  1108 | D:1      | HP: 1/22 [poisoned by an adder]
  1492 | D:2      | Reached XP level 4. HP: 25/28 MP: 8/8
  1594 | D:2      | Learned a level 2 spell: Shroud of Golubria
  1597 | D:2      | Learned a level 2 spell: Song of Slaying
  1601 | D:2      | Learned a level 3 spell: Spectral Weapon
  2344 | D:2      | Reached XP level 5. HP: 16/32 MP: 9/9
  2812 | D:3      | Reached skill level 4 in Short Blades
  3115 | D:3      | Found a hazy altar of Hepliaklqana.
  3116 | D:3      | Found a bloodstained altar of Trog.
  3118 | D:3      | Found a blossoming altar of Fedhas.
  3650 | D:4      | Noticed Sigmund
  3670 | D:4      | HP: 1/32 [something (5)]
  3670 | D:4      | Slain by Sigmund

Illustrated notes

Levels and vault maps discovered:
D:1:      enne_arrival_octagon_isle, layout_basic
D:2:      layout_rooms
D:3:      minmay_angry_zag, layout_rooms, grunt_temple_overflow_open
D:4:      layout_loops_cross, okawaru_metal_pillars_1_2, serial_shops,
          shop_coins, uniq_crazy_yiuf_cottage, uniq_sigmund, uniq_grinder,
          uniq_blork_the_orc

Skill      XL: |  1  2  3  4  5 |
---------------+----------------+-----
Short Blades   | 3 4 |  4.2
Fighting       | 3 |  3.6
Spellcasting   | 3 |  3.4
Charms         | 3 |  3.2
Armour         | |  0.7
Dodging        | |  2.4

Action                   |  1- 3 |  4- 6 || total
-------------------------+-------+-------++-------
Melee: Short sword       |   114 |   236 ||   350
Throw: Dart              |       |     2 ||     2
 Cast: Infusion          |       |     1 ||     1
  Use: Potion            |     2 |     1 ||     3
       Scroll            |     2 |       ||     2
 Stab: Sleeping          |       |     1 ||     1
       Invisible         |       |     2 ||     2
  Eat: Chunk             |    10 |     7 ||    17
Armor: Leather armour    |    27 |    30 ||    57
Dodge: Dodged            |    98 |   242 ||   340
